 Dungeon Crawl Stone Soup version 0.29.1-12-g30fa7ad0bf (webtiles) character file.

Game seed: 6973606191444804087

176 xzight the Shield-Bearer (level 5, 0/47 HPs)
             Began as a Gnoll Fighter on Dec 29, 2022.
             Killed from afar by a steam dragon (17 damage)
             ... with a ball of steam
             ... on level 4 of the Dungeon.
             The game lasted 00:02:38 (2463 turns).

xzight the Shield-Bearer (Gnoll Fighter)            Turns: 2463, Time: 00:02:39

Health: 0/47       AC:  7    Str: 15    XL:     5   Next: 56%
Magic:  7/7        EV:  9    Int: 10    God:
Gold:   109        SH:  5    Dex: 11    Spells: 7/7 levels left

rFire   . . .      SeeInvis .   a - +0 flail
rCold   . . .      Faith    .   c - +0 buckler
rNeg    . . .      Spirit   .   b - +0 scale mail
rPois   .          Reflect  .   (no helmet)
rElec   .          Harm     .   (no cloak)
rCorr   .          Rampage  .   (no gloves)
Will    .....                   (no boots)
Stlth   ..........              (no amulet)
HPRegen 0.15/turn               (no ring)
MPRegen 0.10/turn               (no ring)

@: no status effects
A: fangs 1, strong nose, distributed training
a: no special abilities


You were on level 4 of the Dungeon.
You visited 1 branch of the dungeon, and saw 4 of its levels.

You collected 109 gold pieces.


Innate Abilities, Weirdness & Mutations

You have very sharp teeth.
Your uncanny sense of smell can sniff out nearby items.
Your experience applies equally to all skills.


   Skills:
 + Level 6.7 Fighting
 + Level 1.6 Short Blades
 + Level 1.6 Long Blades
 + Level 1.6 Axes
 + Level 4.8 Maces & Flails
 + Level 1.6 Polearms
 + Level 1.6 Staves
 + Level 1.6 Ranged Weapons
 + Level 1.6 Throwing
 + Level 6.7 Armour
 + Level 1.6 Dodging
 + Level 1.6 Stealth
 + Level 6.7 Shields
 + Level 1.6 Unarmed Combat
 + Level 1.6 Spellcasting
 + Level 1.3 Conjurations
 + Level 1.3 Hexes
 + Level 1.3 Summonings
 + Level 1.3 Necromancy
 + Level 1.3 Translocations
 + Level 1.3 Transmutations
 + Level 1.3 Fire Magic
 + Level 1.3 Ice Magic
 + Level 1.3 Air Magic
 + Level 1.3 Earth Magic
 + Level 1.3 Poison Magic
 + Level 1.8 Invocations
 + Level 1.6 Evocations


You had 7 spell levels left.
You didn't know any spells.
Your spell library contained the following spells:

 Spells                   Type           Power      Damage    Failure   Level
 Magic Dart               Conj           12%        1d3       63%         1
 Call Imp                 Summ           3%         N/A       77%         2
 Mephitic Cloud           Conj/Pois/Air  3%         N/A       94%         3
 Tukima's Dance           Hex            3%         N/A       94%         3
 Passage of Golubria      Tloc           3%         N/A       100%        4
 Yara's Violent Unravell  Hex/Tmut       1%         3d3       100%        5

Inventory:

Hand Weapons
 a - a +0 flail (weapon)
Armour
 b - a +0 scale mail (worn)
 c - a +0 buckler (worn)
 t - a +0 helmet
Wands
 v - a wand of flame (13)
Scrolls
 g - 3 scrolls of immolation {unknown}
 h - 3 scrolls of enchant armour {unknown}
 i - a scroll of silence {unknown}
 j - 2 scrolls of noise {unknown}
 l - a scroll of vulnerability {unknown}
 o - 2 scrolls of fear {unknown}
 p - 6 scrolls of teleportation {unknown}
 q - 3 scrolls of acquirement {unknown}
 r - 3 scrolls of identify {unknown}
Potions
 d - 2 potions of might
 e - 2 potions of lignification {unknown}
 f - a potion of experience {unknown}
 k - a potion of attraction {unknown}
 m - 3 potions of flight {unknown}
 n - a potion of heal wounds {unknown}
 s - 6 potions of curing {unknown}
 u - 2 potions of berserk rage {unknown}

Dungeon Overview and Level Annotations

Branches:
Dungeon (4/15)
 Temple: D:4-7

Altars:
Qazlal

Shops:
D:2

= ..... #.... .. ....( #....
... .... #.... ...###+## #..#
#.... ........# #..## ##.
#.... ........# #..##.##.
#.... ........# #..##.##.
####....
......?.####..#.....##.......
...........D@^§^^.^.≈.'#####.
.............≈^≈^.≈.▒▒...# #.
.#####......^▒▒▒..§≈§....###.
#........^^^≈...≈^▒≈..'...
#.#.............≈.≈...####
#.##.<....(...⚑.......# #
#......(..≈.§≈..^..#
.....###.▒.▒^(.§.....# .####
#...▒..^▒.▒...#


You could see a steam dragon (catching breath).


Message History

The steam dragon claws you but does no damage.
You hit the steam dragon but do no damage.
You bite the steam dragon, but do no damage.
The steam dragon is moderately wounded.
You are engulfed in a cloud of scalding steam.
The steam dragon barely misses you. x2
You thump the steam dragon!
The steam dragon is heavily wounded.
You are engulfed in a cloud of scalding steam.
* * * LOW HITPOINT WARNING * * *
The steam dragon bites you but does no damage.
The steam dragon misses you.
The steam dragon bites you but does no damage.
The steam dragon claws you but does no damage.
You sock the steam dragon!
The steam dragon is almost dead.
The steam dragon bites you.
* * * LOW HITPOINT WARNING * * *
The steam dragon claws you but does no damage.
The steam dragon bites you but does no damage.
The steam dragon closely misses you.
You completely miss the steam dragon.
The steam dragon is severely wounded.
You block the steam dragon's attack.
The steam dragon claws you but does no damage.
You closely miss the steam dragon.
The steam dragon is severely wounded.
The steam dragon breathes steam at you. The ball of steam hits you!
You die...

Skill      XL: |  1  2  3  4 |
---------------+-------------+-----
Invocations    | 1 |  1.8
Short Blades   | 1 |  1.6
Long Blades    | 1 |  1.6
Axes           | 1 |  1.6
Polearms       | 1 |  1.6
Staves         | 1 |  1.6
Ranged Weapons | 1 |  1.6
Throwing       | 1 |  1.6
Dodging        | 1 |  1.6
Stealth        | 1 |  1.6
Unarmed Combat | 1 |  1.6
Spellcasting   | 1 |  1.6
Evocations     | 1 |  1.6
Conjurations   | 1 |  1.3
Hexes          | 1 |  1.3
Summonings     | 1 |  1.3
Necromancy     | 1 |  1.3
Translocations | 1 |  1.3
Transmutations | 1 |  1.3
Fire Magic     | 1 |  1.3
Ice Magic      | 1 |  1.3
Air Magic      | 1 |  1.3
Earth Magic    | 1 |  1.3
Poison Magic   | 1 |  1.3
Fighting       | |  6.7
Maces & Flails | |  4.8
Armour         | |  6.7
Shields        | |  6.7

Action                   |  1- 3 |  4- 6 || total
-------------------------+-------+-------++-------
Melee: Flail             |    97 |   110 ||   207
       Bite              |     7 |    12 ||    19
Armor: Scale mail        |    49 |    60 ||   109
Dodge: Dodged            |    48 |    44 ||    92
Block: Buckler           |    36 |    45 ||    81

Levels and vault maps discovered:
D:1:      dreamdust_arrival_sigmund_warning, layout_basic,
          minmay_rat_gold_closets
D:2:      layout_loops_ring, serial_shops, shop, nicolae_grassy_gnolls
D:3:      layout_rooms, uniq_robin
D:4:      layout_basic, grunt_qazlal_sundering, minmay_cut_off

Notes
Turn   | Place    | Note
-------+----------+-------------------------------------------
     0 | D:1      | xzight the Gnoll Fighter began the quest for the Orb.
     0 | D:1      | Reached XP level 1. HP: 23/23 MP: 1/1
   192 | D:1      | Reached XP level 2. HP: 23/29 MP: 2/2
   515 | D:1      | Reached XP level 3. HP: 35/35 MP: 3/3
   711 | D:2      | Reached skill level 1 in Invocations
   980 | D:2      | Reached skill level 1 in Short Blades
   980 | D:2      | Reached skill level 1 in Long Blades
   980 | D:2      | Reached skill level 1 in Axes
   980 | D:2      | Reached skill level 1 in Polearms
   980 | D:2      | Reached skill level 1 in Staves
   980 | D:2      | Reached skill level 1 in Ranged Weapons
   980 | D:2      | Reached skill level 1 in Throwing
   980 | D:2      | Reached skill level 1 in Dodging
   980 | D:2      | Reached skill level 1 in Stealth
   980 | D:2      | Reached skill level 1 in Unarmed Combat
   980 | D:2      | Reached skill level 1 in Spellcasting
   980 | D:2      | Reached skill level 1 in Evocations
   981 | D:2      | Reached XP level 4. HP: 38/41 MP: 5/5
  1228 | D:2      | Found Affour's Jewellery Shop.
  1538 | D:3      | Reached skill level 1 in Conjurations
  1538 | D:3      | Reached skill level 1 in Hexes
  1538 | D:3      | Reached skill level 1 in Summonings
  1538 | D:3      | Reached skill level 1 in Necromancy
  1538 | D:3      | Reached skill level 1 in Translocations
  1538 | D:3      | Reached skill level 1 in Transmutations
  1538 | D:3      | Reached skill level 1 in Fire Magic
  1538 | D:3      | Reached skill level 1 in Ice Magic
  1538 | D:3      | Reached skill level 1 in Air Magic
  1538 | D:3      | Reached skill level 1 in Earth Magic
  1538 | D:3      | Reached skill level 1 in Poison Magic
  1792 | D:3      | Reached XP level 5. HP: 46/47 MP: 5/7
  1841 | D:3      | Noticed Robin
  1864 | D:3      | Killed Robin
  2402 | D:4      | Found a stormy altar of Qazlal.
  2445 | D:4      | Noticed a steam dragon
  2463 | D:4      | Killed from afar by a steam dragon

Vanquished Creatures
  Robin (D:3)
  3 gnolls (D:2)
  6 adders (D:3)
  An ufetubus (D:4)
  2 dart slugs
  An orc (D:3)
  5 bats
  2 endoplasms
  3 giant cockroaches
  9 goblins
  8 hobgoblins
  4 jackals (D:2)
  2 quokkas
  5 ball pythons
  3 frilled lizards
  6 kobolds
  13 rats
74 creatures vanquished.

Vanquished Creatures (others)
  20 plants (D:2)
20 creatures vanquished.

Grand Total: 94 creatures vanquished

Table legend: (Time is in decaauts)
 A = Elapsed time spent in this place.
 B = Non-inter-level travel time spent in this place.
 C = Inter-level travel time spent in this place.
 D = Time resting spent in this place.
 E = Time spent auto-exploring this place.
 F = Levels seen in this place.
 G = Mean time per level.
                   A        B        C        D        E       F      G
               +--------+--------+--------+--------+--------+-----+--------+
         Total |   2505 |   2472 |     33 |      5 |   1967 |   4 |  626.2 |
       Dungeon |   2505 |   2472 |     33 |      5 |   1967 |   4 |  626.2 |
               +--------+--------+--------+--------+--------+-----+--------+

Top non-repeatable levels by time:
     D:3: 899 daAuts
     D:2: 880 daAuts
     D:1: 643 daAuts
     D:4: 82 daAuts

Table legend:
 A = Non-vault XP
 B = Vault XP
 C = Vault XP percentage of total XP
 D = Non-vault monster count
 E = Vault monster count
 F = Vault count percentage of total count
                 A         B        C        D         E       F
            +---------+---------+-------+---------+---------+-------
      Total |     165 |      87 |  34.5 |      52 |      22 |  29.7
            +---------+---------+-------+---------+---------+-------
        D:1 |      30 |       7 |  18.9 |      18 |       7 |  28.0
        D:2 |      31 |      42 |  57.5 |      17 |       3 |  15.0
        D:3 |      94 |      38 |  28.8 |      15 |      12 |  44.4
        D:4 |      10 |       0 |   0.0 |       2 |       0 |   0.0
            +---------+---------+-------+---------+---------+-------
